 Dungeon Crawl Stone Soup version 0.19-a0-1493-gd0fcaa6 (webtiles) character file.

6 Sixotanaka the Caller (level 1, -2/13 HPs)
             Began as a Vampire Summoner on Sept 9, 2016.
             Slain by a giant gecko (5 damage)
             ... on level 1 of the Dungeon.
             The game lasted 00:01:13 (348 turns).

Sixotanaka the Caller (Vampire Summoner)             Turns: 348, Time: 00:01:14

Health: -2/13      AC:  2    Str:  7    XL:     1   Next: 75%
Magic:  1/3        EV: 12    Int: 17    God:
Gold:   11         SH:  0    Dex: 14    Spells: 1 memorised, 3 levels left

rFire  . . .     SeeInvis +     (no weapon)
rCold  . . .     Gourm    .     a - +0 robe
rNeg   + . .     Faith    .     (no shield)
rPois  .         Spirit   .     (no helmet)
rElec  .         Dismiss  .     (no cloak)
rCorr  .         Reflect  .     (no gloves)
MR     .....     Harm     .     (no boots)
Stlth  ++........               (no amulet)
                                (no ring)
                                e - ring of flight

@: no status effects
A: fangs 3, see invisible, unbreathing
a: Evoke Flight


You were on level 1 of the Dungeon.
You were not thirsty.

You visited 1 branch of the dungeon, and saw 1 of its levels.

You collected 11 gold pieces.


Innate Abilities, Weirdness & Mutations

You have razor-sharp teeth.
You have supernaturally acute eyesight. (SInv)
You can survive without breathing.


   Skills:
 - Level 2.1 Dodging
 - Level 3.0 Stealth
 - Level 2.0 Spellcasting
 + Level 4.3 Summonings


You had 3 spell levels left.
You knew the following spells:

 Your Spells              Type           Power        Failure   Level  Hunger
a - Summon Small Mammal   Summ           ###.         3%          1    #......


Dungeon Overview and Level Annotations

Branches:
Dungeon (1/15)

Altars:

Inventory:

Armour
 a - a +0 robe (worn)
Jewellery
 e - a ring of flight (left hand)
   (You found it on level 1 of the Dungeon)
Scrolls
 d - a scroll of recharging {unknown}
Potions
 c - 6 potions of blood {@q0}
Books
 b - a book of Callings

###.# #.# #...#
#.##### #
###...###......
#.##>......#).####
.............# #
#.......##.####
###...####.....
###########...#
#####.
#.r..l@......######
#.
.#.###########.....#
#. # ##.#.#
#.....####. #.
...#r# #......)... .
#.# #..#.#
#.....####.
.....#>.#.# #.....#
#. .##.#.#..#.#
####.#### #.
.........#.#
#.......# ##
.........#.####
#.......#


You could see a giant gecko and a friendly rat.


Message History

The giant gecko closely misses you.
The giant gecko completely misses your quokka.
Something closely misses your quokka. Something misses your quokka.
The giant gecko bites your quokka.
Your quokka bites the giant gecko.
The giant gecko bites your quokka.
Your quokka barely misses the giant gecko.
The giant gecko bites your quokka.
Your quokka dies!
Your quokka's corpse disappears in a puff of smoke!
Your rat bites the giant gecko.
The giant gecko barely misses your rat.
Your rat closely misses the giant gecko.
Your rat barely misses the giant gecko.
The giant gecko bites your rat but does no damage.
Your rat bites the giant gecko but does no damage.
Your rat closely misses the giant gecko.
The giant gecko misses your rat.
Your rat misses the giant gecko.
Your rat barely misses the giant gecko.
The giant gecko barely misses your rat.
Your rat barely misses the giant gecko. x2
The giant gecko barely misses your rat.
The giant gecko closely misses your rat.
Your rat bites the giant gecko but does no damage.
Your rat misses the giant gecko. The giant gecko barely misses your rat.
Your rat closely misses the giant gecko.
Your rat barely misses the giant gecko.
The giant gecko bites your rat.
Your rat dies!
Your rat's corpse disappears in a puff of smoke!
Your rat bites the giant gecko.
Your magical contamination has completely faded away.
Your rat closely misses the giant gecko.
The giant gecko bites you.
* * * LOW HITPOINT WARNING * * *
The giant gecko closely misses you.
You swap places.
The giant gecko barely misses your rat.
Your rat bites the giant gecko.
Your rat barely misses the giant gecko.
The giant gecko barely misses your rat.
Your rat misses the giant gecko.
Your rat closely misses the giant gecko.
The giant gecko hisses menacingly.
The giant gecko closely misses your rat.
Your rat closely misses the giant gecko.
Your rat barely misses the giant gecko.
The giant gecko bites your rat.
Your rat dies!
Your rat's corpse disappears in a puff of smoke!
Your rat barely misses the giant gecko.
The giant gecko bites you.
You die...

Vault maps used:
D:1:      dpeg_arrival_long_road, minmay_pentomino_o2

Vanquished Creatures
  A rat (D:1)
1 creature vanquished.

Vanquished Creatures (collateral kills)
  A dart slug (D:1)
  3 goblins (D:1)
  A hobgoblin (D:1)
  A bat (D:1)
  A rat (D:1)
7 creatures vanquished.

Grand Total: 8 creatures vanquished

Table legend:
 A = Turns spent in this place as a percentage of turns spent in the entire game.
 B = Non-inter-level travel turns spent in this place as a percentage of non-inter-level travel turns spent in the entire game.
 C = Inter-level travel turns spent in this place as a percentage of turns spent in this place.
 D = Turns resting spent in this place as a percentage of non-inter-level travel turns spent in this place.
 E = Turns spent auto-exploring this place as a percentage of non-inter-level travel turns spent in this place.
 F = Non-inter-level travel turns spent in this place divided by the number of levels of this place that you've seen.
                   A       B       C       D       E      F
               +-------+-------+-------+-------+-------+----------------------
         Total | 100.0 | 100.0 |   0.0 |   8.3 |  10.3 | 156.0
       Dungeon | 100.0 | 100.0 |   0.0 |   8.3 |  10.3 | 156.0
               +-------+-------+-------+-------+-------+----------------------

Table legend:
 A = Kills in this place as a percentage of kills in entire the game.
 B = Kills by you in this place as a percentage of kills by you in the entire game.
 C = Kills by friends in this place as a percentage of kills by friends in the entire game.
 D = Other kills in this place as a percentage of other kills in the entire game.
 E = Experience gained in this place as a percentage of experience gained in the entire game.
 F = Experience gained in this place divided by the number of levels of this place that you have seen.
                   A       B       C       D       E      F
               +-------+-------+-------+-------+-------+----------------------
         Total | 100.0 | 100.0 | 100.0 |  -nan | 100.0 |   9.0
       Dungeon | 100.0 | 100.0 | 100.0 |  -nan | 100.0 |   9.0
               +-------+-------+-------+-------+-------+----------------------

Notes
Turn   | Place    | Note
-------+----------+-------------------------------------------
     0 | D:1      | Sixotanaka the Vampire Summoner began the quest for the Orb.
     0 | D:1      | Reached XP level 1. HP: 13/13 MP: 3/3
   310 | D:1      | HP: 3/13 [giant gecko (4)]
   338 | D:1      | HP: 3/13 [giant gecko (1)]
   348 | D:1      | Slain by a giant gecko

Action                   || total
-------------------------++-------
Melee: Unarmed           ||     8
       Bite              ||     2
 Cast: Summon Small Mamm ||    16
Armor: Robe              ||     6
Dodge: Dodged            ||     8
